 Dungeon Crawl Stone Soup version 0.22-a0-410-g97be04f (webtiles) character file.

191 Borgoz the Skirmisher (level 5, -1/33 HPs)
             Began as a Gargoyle Abyssal Knight on May 11, 2018.
             Was a Believer of Lugonu.
             Killed by divine providence
             ... invoked by an orc priest
              (8 damage)
             ... on level 3 of the Dungeon.
             The game lasted 00:04:31 (2286 turns).

Borgoz the Skirmisher (Gargoyle Abyssal Knight)     Turns: 2286, Time: 00:04:32

Health: -1/33      AC: 10    Str: 15    XL:     5   Next: 70%
Magic:  7/7        EV:  9    Int: 13    God:    Lugonu [**....]
Gold:   143        SH:  0    Dex: 10    Spells: 4/4 levels left

rFire    . . .     SeeInvis .   a - +1 hand axe
rCold    . . .     Gourm    .   (no shield)
rNeg     + . .     Faith    .   n - +0 scale mail
rPois    ∞         Spirit   .   (no helmet)
rElec    +         Reflect  .   (no cloak)
rCorr    .         Harm     .   (no gloves)
MR       .....                  (no boots)
Stlth    ..........             (no amulet)
HPRegen  0.11/turn              (no ring)
MPRegen  0.10/turn              (no ring)

@: no status effects
A: negative energy resistance 1, electricity resistance, unbreathing,
petrification resistance, rot immunity, AC +4
a: Depart the Abyss, Bend Space, Renounce Religion


You were on level 3 of the Dungeon.
You worshipped Lugonu.
Lugonu was pleased with you.
You were not hungry.

You visited 1 branch of the dungeon, and saw 3 of its levels.
You visited the Abyss 1 time.

You collected 143 gold pieces.

Inventory:

Hand Weapons
 a - a +1 hand axe (weapon)
Armour
 b - a +0 leather armour
 n - a +0 scale mail (worn)
Wands
 m - a wand of iceblast (11)
Scrolls
 d - 2 scrolls of identify {unknown}
 e - 5 scrolls of teleportation {unknown}
 j - 2 scrolls of amnesia {unknown}
 k - a scroll of random uselessness {unknown}
 l - a scroll of immolation {unknown}
Potions
 f - 3 potions of curing {unknown}
 g - a potion of haste {unknown}
 h - a potion of flight {unknown}
 i - a potion of ambrosia {unknown}
Comestibles
 c - 7 rations


   Skills:
 + Level 4.0 Fighting
 * Level 3.3 Axes
 + Level 3.2 Armour
 + Level 1.7 Dodging
 + Level 3.0 Invocations


You had 4 spell levels left.
You didn't know any spells.

Dungeon Overview and Level Annotations

Branches:
Dungeon (3/15)

Altars:


Innate Abilities, Weirdness & Mutations

You are resistant to torment.
Your stone body is resilient. (AC +4)
You are immune to poison.
You resist negative energy. (rN+)
You are resistant to electric shocks. (rElec)
You can survive without breathing.
You are immune to petrification.
You are immune to rotting.


Message History

An orc priest comes into view. It is wielding a hand axe.
The orc priest shouts!
The kobold throws a stone.
The stone closely misses you.
The orc priest calls down the wrath of Beogh upon you.
Beogh smites you!
The kobold throws a stone.
The stone hits you but does no damage.
A worm comes into view.
You see here a stone.
The orc priest calls down the wrath of Beogh upon you.
Beogh smites you!
* * * LOW HITPOINT WARNING * * *
The kobold throws a stone.
The stone hits you but does no damage.
You see here a stone.
You are too injured to fight recklessly!
You are too injured to fight recklessly!
The kobold throws a stone.
The stone closely misses you.
You see here 2 stones.
The orc priest calls down the wrath of Beogh upon you.
Beogh smites you!
You die...

.#<).#.##.#..
.#...#.# .......#
.####### ...... ..
######### ###.#
#.#### #.......#
.#..# ......
#....K..# ....#
#.....####.......#
.#.##
#....@(........ .#
.# #...(##(..o....
.# ..
#...)######.w..
### .... #####.#
.. ..# ....#...#.#
..+
...'...'.######.
..#
..#...#........
### ####...######
.# #.....#


You could see a worm, an orc priest and a kobold.

Vanquished Creatures
  A howler monkey (D:2)
  An orc wizard (D:3)
  A gnoll (D:1)
  4 adders
  2 oozes (D:1)
  2 dart slugs
  2 leopard geckos
  7 orcs (D:3)
  4 bats
  A giant cockroach (D:2)
  7 goblins
  9 hobgoblins
  2 jackals (D:3)
  A ball python (D:2)
  7 frilled lizards
  5 kobolds
  6 rats
62 creatures vanquished.

Notes
Turn   | Place    | Note
-------+----------+-------------------------------------------
     0 | Abyss:1  | Borgoz the Gargoyle Abyssal Knight began the quest for the Orb.
     0 | Abyss:1  | Reached XP level 1. HP: 14/14 MP: 2/2
    63 | Abyss:1  | Noticed an ancient zyme
    75 | Abyss:1  | Noticed a thrashing horror
    75 | Abyss:1  | Noticed an orange demon
    76 | D:1      | Escaped the Abyss
   227 | D:1      | You fall through a shaft!
   241 | D:2      | Reached XP level 2. HP: 19/19 MP: 3/3
   250 | D:2      | Reached skill level 1 in Dodging
   524 | D:1      | Reached * piety under Lugonu
   614 | D:1      | Reached XP level 3. HP: 20/23 MP: 4/4
   855 | D:2      | Reached XP level 4. HP: 16/29 MP: 5/5
  1145 | D:2      | Reached XP level 5. HP: 27/33 MP: 7/7
  1997 | D:3      | Reached ** piety under Lugonu
  1997 | D:3      | Reached skill level 4 in Fighting
  2286 | D:3      | Killed from afar by an orc priest

Vault maps used:
D:1:      mainiacjoe_arrival_reflecting_pool
D:3:      first_ration, evilmike_ruin_ashenzari, uniq_purgy

Skill      XL: |  1  2  3  4  5 |
---------------+----------------+-----
Axes           | 2 3 |  3.3
Dodging        | 1 |  1.7
Armour         | 3 |  3.2
Fighting       | 4 |  4.0
Invocations    | 3 |  3.0

Action                   |  1- 3 |  4- 6 || total
-------------------------+-------+-------++-------
Melee: Hand axe          |    83 |   103 ||   186
Invok: Depart the Abyss  |     1 |       ||     1
 Stab: Sleeping          |     1 |       ||     1
  Eat: Chunk             |       |     5 ||     5
Armor: Leather armour    |    32 |    49 ||    81
       Scale mail        |       |     3 ||     3
Dodge: Dodged            |    52 |    63 ||   115

Table legend:
 A = Spawn XP
 B = Non-spawn XP
 C = Spawn XP percentage of total XP
 D = Spawn monster count
 E = Non-spawn monster count
 F = Spawn count percentage of total count
 G = Total turns spent on level
                    A         B        C        D         E        F      G
               +---------+---------+-------+---------+---------+-------+---------
         Total |       0 |     273 |   0.0 |       0 |      62 |   0.0 |  2286
               +---------+---------+-------+---------+---------+-------+---------
           D:1 |       0 |      56 |   0.0 |       0 |      21 |   0.0 |   693
           D:2 |       0 |     129 |   0.0 |       0 |      25 |   0.0 |  1180
           D:3 |       0 |      88 |   0.0 |       0 |      16 |   0.0 |   337
               +---------+---------+-------+---------+---------+-------+---------
